 Dungeon Crawl Stone Soup version 0.29.1-15-g9cfb28693d (webtiles) character file.

Game seed: 8515206100384484129

506 redmage the Digger (level 7, 0/50 HPs)
             Began as a Meteoran Earth Elementalist on Sept 7, 2023.
             Was a Believer of Cheibriados.
             Slain by a wyvern zombie (13 damage)
             ... on level 3 of the Dungeon.
             The game lasted 00:10:30 (878 turns).

redmage the Digger (Meteoran Earth Elementalist)     Turns: 878, Time: 00:10:30

Health: 0/50       AC:  2    Str: 14    XL:     7   Next: 69%
Magic:  16/16      EV: 13    Int: 22    God:    Cheibriados [**....]
Gold:   237        SH:  5    Dex: 19    Spells: 11/17 levels left

rFire   . . .      SeeInvis .   m - +1 trident (protect)
rCold   . . .      Faith    .   (no shield)
rNeg    . . .      Spirit   .   a - +0 robe
rPois   .          Reflect  +   (no helmet)
rElec   .          Harm     .   (no cloak)
rCorr   .          Rampage  .   (no gloves)
Will    .....                   (no boots)
Stlth   +.........              e - amulet of reflection
HPRegen 0.16/turn               (no ring)
MPRegen 0.15/turn               (no ring)

@: about to teleport, glowing, very slow
A: sense surroundings 1, otherworldly, glowing, explore regen
a: Renounce Religion, Bend Time


You were on level 3 of the Dungeon.
You worshipped Cheibriados.
Cheibriados was pleased with you.
You visited 1 branch of the dungeon, and saw 5 of its levels.

You collected 237 gold pieces.

Inventory:

Hand Weapons
 m - a +1 trident of protection (weapon)
Armour
 a - a +0 robe (worn)
Jewellery
 e - an amulet of reflection (around neck)
Scrolls
 d - a scroll of torment
 h - a scroll of teleportation
Potions
 b - a potion of magic
 c - a potion of ambrosia
 f - a potion of might
 g - a potion of heal wounds
 i - 2 potions of lignification {unknown}
 j - 2 potions of flight {unknown}
 k - 2 potions of curing {unknown}
 l - a potion of cancellation {unknown}


   Skills:
 - Level 2.4 Dodging
 - Level 1.4 Stealth
 + Level 5.9 Spellcasting
 + Level 4.3 Conjurations
 - Level 1.2 Transmutations
 + Level 6.4 Earth Magic


You had 11 spell levels left.
You knew the following spells:

 Your Spells              Type           Power      Damage    Failure   Level
a - Sandblast             Erth           68%        2d15      1%          1
b - Passwall              Tmut/Erth      19%        N/A       3%          2
c - Stone Arrow           Conj/Erth      60%        3d10      3%          3

Your spell library contained the following spells:

 Spells                   Type           Power      Damage    Failure   Level
 Petrify                  Tmut/Erth      23%        N/A       19%         4


Dungeon Overview and Level Annotations

Branches:
Dungeon (5/15) Zot: 3231   Temple (0/1) D:5

Altars:
Cheibriados
Qazlal

Annotations:
D:3 sentinel's ghost, weakling MeEE


Innate Abilities, Weirdness & Mutations

You passively map a small area around you.
You are easily found by Zot.
You glow in the dark.
You regain HP and MP as you explore.


Message History

You kill the iguana!
Cheibriados appreciates the change of pace.
Unknown command.
You see here an iguana corpse.
Casting: Sandblast (safe; 1% risk of failure)
Confirm with . or Enter, or press ? or * to list all spells.
Aiming: Passwall (safe; 3% risk of failure)
Press: ? - help, Dir - move target A rock wall.
You begin to meditate on the wall.
You continue meditating on the rock. x3
You finish merging with the rock.
Found a stone staircase leading up.
There is a stone staircase leading up here.
You climb upwards.
There is a stone staircase leading down here.
Magic restored.
You see here a +0 club.
There is an open door here.
There is a stone staircase leading up here.
You climb upwards.
Level annotation: 3 runed translucent doors, sentinel's ghost, weakling MeEE
There is a stone staircase leading down here.
Okay, then.
You open the gate. The wyvern skeleton barely misses you.
As you read the scroll labelled VOKEFUXYUPU, it crumbles to dust.
Your body is wracked with pain!
It was a scroll of torment.
The wyvern skeleton completely misses you.
As you read the scroll labelled DUILEIFAKU, it crumbles to dust.
You feel strangely unstable.
It was a scroll of teleportation.
You block the wyvern zombie's attack. The wyvern skeleton bites you!
The wyvern zombie barely misses you.
The wyvern skeleton attacks as you move away!
You block the wyvern skeleton's attack. x2
The wyvern skeleton attacks as you move away!
The wyvern skeleton bites you.
* * * LOW HITPOINT WARNING * * *
The wyvern zombie closely misses you.
The wyvern zombie attacks as you move away!
The wyvern zombie bites you!
You die...

* , #...## *, * #....## *
#.....# * * #.รท...#
#.....##
##############......##
.................Z...#####
,
.................ZW.......
,
###.###.....>...@#......##
, ##.# #####..######'''###
##..# #....##Z..=...#
...## #.##.###.....##* *
...####***#.. ..#.......#
...#.. ,, ...* .##..)$.##*
, * .....# ###.# ##..#.#..
, ....######## * ########
, ........... . , *


You could see sentinel's ghost, a wyvern zombie and 2 wyvern skeletons.

Vanquished Creatures
  A black bear (D:4)
  A phantom (D:4)
  3 hounds (D:4)
  An iguana (D:5)
  5 orc wizards
  5 adders
  8 orcs
  5 endoplasms
  10 goblins
  3 hobgoblins
  2 jackals (D:2)
  3 kobolds
  A quokka (D:5)
  6 ball pythons
  2 bats
  A quokka skeleton (D:3)
  2 rats
59 creatures vanquished.

Notes
Turn   | Place    | Note
-------+----------+-------------------------------------------
     0 | D:1      | redmage the Meteoran Earth Elementalist began the quest for
                  | the Orb.
     0 | D:1      | Reached XP level 1. HP: 14/14 MP: 5/5
   135 | D:1      | Reached XP level 2. HP: 20/20 MP: 5/7
   139 | D:1      | Learned a level 2 spell: Passwall
   216 | D:2      | Reached skill level 4 in Earth Magic
   253 | D:2      | Reached XP level 3. HP: 19/26 MP: 5/9
   301 | D:2      | Learned a level 3 spell: Stone Arrow
   348 | D:3      | Found a runed translucent gate.
   349 | D:3      | Found a runed translucent gate.
   351 | D:3      | Found a runed translucent gate.
   362 | D:3      | Noticed sentinel's ghost (weakling MeEE)
   399 | D:4      | Reached XP level 4. HP: 28/33 MP: 7/10
   419 | D:4      | Reached skill level 1 in Conjurations
   437 | D:4      | Found a snail-covered altar of Cheibriados.
   445 | D:4      | Became a worshipper of Cheibriados the Contemplative
   463 | D:4      | Reached XP level 5. HP: 13/38 MP: 4/12
   486 | D:4      | Reached skill level 5 in Earth Magic
   566 | D:4      | Reached XP level 6. HP: 45/45 MP: 10/13
   572 | D:4      | Noticed a black bear
   594 | D:4      | Killed a black bear
   595 | D:4      | Reached skill level 5 in Spellcasting
   603 | D:4      | Reached * piety under Cheibriados
   631 | D:4      | Reached skill level 6 in Earth Magic
   631 | D:4      | Reached XP level 7. HP: 44/50 MP: 10/16
   744 | D:5      | Entered Level 5 of the Dungeon
   790 | D:5      | Reached ** piety under Cheibriados
   802 | D:5      | Found a stormy altar of Qazlal.
   878 | D:3      | Slain by a wyvern zombie

Illustrated notes

Levels and vault maps discovered:
D:1:      saegor_arrival_simple_b, layout_rooms, ebering_ecumenical_altar_webs
D:2:      layout_loops_ring, corexii_shack, minmay_pentomino_q4
D:3:      layout_rooms, serial_undead, serial_undead_a, serial_undead_f,
          serial_undead_e, serial_undead_d, gammafunk_ghost_necromancy,
          grunt_decor_one_mirror, minmay_misc_feat_chi, uniq_crazy_yiuf_cottage
D:4:      minmay_inner_zag, layout_gridville, marbit_many_paths,
          nicolae_concentric_dashed_squares_mild
D:5:      layout_basic, nicolae_qazlal_eye_of_the_storm,
          minmay_temple_entry_statues_fountains, uniq_edmund, uniq_ijyb,
          uniq_sigmund

Skill      XL: |  1  2  3  4  5  6  7 |
---------------+----------------------+-----
Spellcasting   | 3 4 5 |  5.9
Earth Magic    | 4 5 6 |  6.4
Conjurations   | 1 2 3 4 |  4.3
Dodging        | |  2.4
Stealth        | |  1.4
Transmutations | |  1.2

Action                   |  1- 3 |  4- 6 |  7- 9 || total
-------------------------+-------+-------+-------++-------
Melee: Dagger            |     1 |     1 |       ||     2
 Cast: Sandblast         |    27 |    45 |    20 ||    92
       Passwall          |     1 |     5 |     7 ||    13
       Stone Arrow       |       |     1 |     2 ||     3
  Use: Scroll            |     3 |       |     3 ||     6
Armor: Robe              |     1 |     3 |       ||     4
Dodge: Dodged            |     6 |     7 |     6 ||    19
Block: Other             |     2 |     8 |     4 ||    14
